 Dungeon Crawl Stone Soup version 0.28-a0-1567-g1695149f81 (webtiles) character file.

Game seed: 6807167739816759468

353 lessens the Cudgeller (level 6, -2/55 HPs)
             Began as an Ogre Earth Elementalist on Jan 19, 2022.
             Slain by a scorpion (7 damage)
             ... on level 4 of the Dungeon.
             The game lasted 00:06:24 (6071 turns).

lessens the Cudgeller (Ogre Earth Elementalist)     Turns: 6071, Time: 00:06:25

Health: -2/55      AC:  3    Str: 15    XL:     6   Next: 62%
Magic:  3/9        EV:  9    Int: 16    God:
Gold:   190        SH:  0    Dex:  9    Spells: 8/9 levels left

rFire   . . .      SeeInvis .   o - +0 flail
rCold   . . .      Faith    .   (no shield)
rNeg    . . .      Spirit   .   b - +0 robe
rPois   +          Reflect  .   (helmet restricted)
rElec   .          Harm     .   (no cloak)
rCorr   +          Rampage  .   (gloves unavailable)
Will    .....                   (boots unavailable)
Stlth   +.........              (no amulet)
HPRegen 0.18/turn               e - ring of resist corrosion
MPRegen 0.11/turn               s - ring of poison resistance

@: no status effects
A: large, unfitting armour, tough skin 1
a: no special abilities


You were on level 4 of the Dungeon.
You visited 1 branch of the dungeon, and saw 4 of its levels.

You collected 190 gold pieces.

Inventory:

Hand Weapons
 a - a +0 dagger of draining
 d - a +0 whip
 j - a +4 dagger
 o - a +0 flail (weapon)
Missiles
 c - 81 stones
 p - 6 large rocks
 q - 3 boomerangs
Armour
 b - a +0 robe (worn)
 i - a +0 cloak
Jewellery
 e - a ring of resist corrosion (left hand)
 s - a ring of poison resistance (right hand)
Wands
 m - a wand of polymorph (6)
Scrolls
 f - 2 scrolls of noise {unknown}
 g - 3 scrolls of identify {unknown}
 h - a scroll of holy word {unknown}
 k - a scroll of immolation {unknown}
 l - a scroll of blinking {unknown}
 n - a scroll of teleportation {unknown}
Potions
 r - a potion of heal wounds {unknown}
 t - a potion of haste {unknown}
 u - 2 potions of invisibility


   Skills:
 - Level 1.5 Fighting
 + Level 5.7 Maces & Flails
 - Level 1.7 Dodging
 - Level 1.4 Stealth
 - Level 2.4 Spellcasting
 - Level 0.8 Transmutations
 - Level 2.6 Earth Magic


You had 8 spell levels left.
You knew the following spells:

 Your Spells              Type           Power      Damage    Failure   Level
a - Sandblast             Erth           20%        2d7       7%          1

Your spell library contained the following spells:

 Spells                   Type           Power      Damage    Failure   Level
 Passwall                 Tmut/Erth      5%         N/A       14%         2
 Slow                     Hex            4%         N/A       21%         1
 Stone Arrow              Conj/Erth      12%        3d7       34%         3
 Confusing Touch          Hex            1%         N/A       52%         3
 Tukima's Dance           Hex            1%         N/A       52%         3
 Vampiric Draining        Necr           1%         2d6       52%         3
 Petrify                  Tmut/Erth      7%         N/A       67%         4
 Anguish                  Hex/Necr       0%         N/A       89%         4
 Enfeeble                 Hex            0%         N/A       100%        7


Dungeon Overview and Level Annotations

Branches:
Dungeon (4/15)
 Temple: D:4-7

Altars:
Cheibriados
Hepliaklqana

Shops:
D:1 (   D:4 (

Annotations:
D:2 Sigmund


Innate Abilities, Weirdness & Mutations

You are too large for most types of armour.
You have tough skin. (AC +1)


Message History

Aiming: Sandblast (safe; 7% risk of failure)
Press: ? - help, Shift-Dir - straight line, f/p - scorpion
Aim: a scorpion (severely wounded, 79% to hit)
The blast of sand misses the scorpion.
The scorpion closely misses you.
Casting: Sandblast (safe; 7% risk of failure)
Confirm with . or Enter, or press ? or * to list all spells.
Aiming: Sandblast (safe; 7% risk of failure)
Press: ? - help, Shift-Dir - straight line, f/p - scorpion
Aim: a scorpion (severely wounded, 79% to hit)
The blast of sand hits the scorpion.
The scorpion is almost dead.
The scorpion stings you but does no damage.
The scorpion closely misses you.
Casting: Sandblast (safe; 7% risk of failure)
Confirm with . or Enter, or press ? or * to list all spells.
Aiming: Sandblast (safe; 7% risk of failure)
Press: ? - help, Shift-Dir - straight line, f/p - scorpion
Aim: a scorpion (severely wounded, 79% to hit)
The blast of sand hits the scorpion but does no damage.
The scorpion is severely wounded.
The scorpion stings you but does no damage.
Casting: Sandblast (safe; 7% risk of failure)
Confirm with . or Enter, or press ? or * to list all spells.
Aiming: Sandblast (safe; 7% risk of failure)
Press: ? - help, Shift-Dir - straight line, f/p - scorpion
Aim: a scorpion (severely wounded, 79% to hit)
The blast of sand hits the scorpion but does no damage.
The scorpion is severely wounded.
The scorpion stings you.
* * * LOW HITPOINT WARNING * * *
You closely miss the scorpion.
The scorpion is severely wounded.
The scorpion barely misses you.
Okay, then.
You closely miss the scorpion.
The scorpion is severely wounded.
The scorpion stings you!
* * * LOW HITPOINT WARNING * * *
The scorpion stings you!
You die...

##############
#............#
#<##########.#.#
#@# #......#.#.#
#s# #.####.#.#.#
#.# #.# #.#.#.#
#.# #.# #.#.#.#
#.# #.# #.#.#.#
# #.# #.#
#.#.#.###
######### #.#
#.####.#.#...#
##......#### #.#
#....#.#.###.#
............
####.#.#......


You could see a scorpion.

Vanquished Creatures
  A howler monkey (D:4)
  A centaur skeleton (D:4)
  Natasha (thrice) (D:2)
  An orc wizard (D:2)
  A hound skeleton (D:4)
  7 adders
  A worm (D:2)
  3 dart slugs
  12 orcs
  7 ball pythons
  14 endoplasms
  3 hobgoblins
  10 jackals
  7 kobolds
  3 quokkas
  5 bats (D:1)
  2 frilled lizards (D:3)
  4 goblins
  8 rats
93 creatures vanquished.

Notes
Turn   | Place    | Note
-------+----------+-------------------------------------------
     0 | D:1      | lessens the Ogre Earth Elementalist began the quest for the
                  | Orb.
     0 | D:1      | Reached XP level 1. HP: 16/16 MP: 3/3
   120 | D:1      | Reached skill level 1 in Fighting
   127 | D:1      | Found Koamn's Antique Weapon Shop.
   191 | D:1      | Reached XP level 2. HP: 20/27 MP: 5/5
   317 | D:1      | Reached skill level 1 in Maces & Flails
   705 | D:1      | Reached XP level 3. HP: 29/33 MP: 6/6
   779 | D:1      | Reached skill level 2 in Maces & Flails
  1507 | D:2      | Noticed Natasha
  1518 | D:2      | Killed Natasha
  1519 | D:2      | Reached skill level 3 in Maces & Flails
  1519 | D:2      | Reached XP level 4. HP: 8/41 MP: 3/7
  2403 | D:2      | Noticed Natasha
  2411 | D:2      | Killed Natasha
  2509 | D:2      | Found a faded altar of an unknown god.
  2556 | D:2      | Noticed Sigmund
  2613 | D:2      | Noticed Natasha
  2621 | D:2      | Killed Natasha
  2622 | D:2      | Reached skill level 4 in Maces & Flails
  2622 | D:2      | Reached XP level 5. HP: 48/48 MP: 8/8
  3721 | D:3      | HP: 1/48 [rat (3)]
  4371 | D:3      | Found a snail-covered altar of Cheibriados.
  4661 | D:4      | Found Xuysuolo's Antique Weapon Shop.
  4804 | D:4      | Found a hazy altar of Hepliaklqana.
  4806 | D:4      | Reached XP level 6. HP: 55/55 MP: 9/9
  4864 | D:4      | Reached skill level 5 in Maces & Flails
  6071 | D:4      | Slain by a scorpion

Illustrated notes

Levels and vault maps discovered:
D:1:      minmay_arrival_jagged, layout_basic, serial_shops,
          nicolae_shop_statue_plus, chequers_decorated_corner,
          amcnicky_mini_corridor_feature
D:2:      layout_basic, basic_ecumenical_altar, uniq_sigmund, uniq_natasha
D:3:      layout_basic, mainiacjoe_overflow_tiny_flanked
D:4:      layout_basic, mainiacjoe_overflow_catwalk, serial_shops, shop,
          minivault_24, grunt_decor_fettered

Skill      XL: |  1  2  3  4  5  6 |
---------------+-------------------+-----
Fighting       | 1 |  1.5
Maces & Flails | 1 3 4 5 |  5.7
Dodging        | |  1.7
Stealth        | |  1.4
Spellcasting   | |  2.4
Transmutations | |  0.8
Earth Magic    | |  2.6

Action                   |  1- 3 |  4- 6 || total
-------------------------+-------+-------++-------
Melee: Dagger            |    94 |   101 ||   195
       Unarmed           |     2 |       ||     2
       Punch             |     3 |     4 ||     7
       Flail             |       |   161 ||   161
 Cast: Sandblast         |     4 |    17 ||    21
Evoke: Wand              |       |     3 ||     3
  Use: Potion            |     1 |     3 ||     4
 Stab: Sleeping          |       |     4 ||     4
Armor: Robe              |    42 |    65 ||   107
       Skin              |     1 |       ||     1
Dodge: Dodged            |    42 |   131 ||   173

Table legend: (Time is in decaauts)
 A = Elapsed time spent in this place.
 B = Non-inter-level travel time spent in this place.
 C = Inter-level travel time spent in this place.
 D = Time resting spent in this place.
 E = Time spent auto-exploring this place.
 F = Levels seen in this place.
 G = Mean time per level.
                   A        B        C        D        E       F      G
               +--------+--------+--------+--------+--------+-----+--------+
         Total |   6115 |   5830 |    285 |    452 |   4431 |   4 | 1528.8 |
       Dungeon |   6115 |   5830 |    285 |    452 |   4431 |   4 | 1528.8 |
               +--------+--------+--------+--------+--------+-----+--------+

Top non-repeatable levels by time:
     D:2: 1942 daAuts
     D:4: 1425 daAuts
     D:3: 1387 daAuts
     D:1: 1360 daAuts
